 Dungeon Crawl Stone Soup version 0.28-b1-1-g3c77fb2ed1 (webtiles) character file.

Game seed: 15236353426607694734

164 Duder the Cudgeller (level 5, -5/47 HPs)
             Began as a Minotaur Berserker on Jan 28, 2022.
             Was a Believer of Trog.
             Succumbed to Jessica's poison
             ... on level 3 of the Dungeon.
             The game lasted 00:03:44 (2366 turns).

Duder the Cudgeller (Minotaur Berserker)            Turns: 2366, Time: 00:03:44

Health: -5/47      AC:  5    Str: 24    XL:     5   Next: 21%
Magic:  4/4        EV: 11    Int:  4    God:    Trog [**....]
Gold:   97         SH:  0    Dex:  9    Spells: 4/4 levels left

rFire   . . .      SeeInvis .   a - +1 mace
rCold   . . .      Faith    .   (no shield)
rNeg    . . .      Spirit   .   l - +0 ring mail
rPois   .          Reflect  .   (helmet restricted)
rElec   .          Harm     .   (no cloak)
rCorr   .          Rampage  .   (no gloves)
Will    .....                   (no boots)
Stlth   ..........              (no amulet)
HPRegen 0.15/turn               (no ring)
MPRegen 0.09/turn               (no ring)

@: lethally poisoned (-5 -> -30), on berserk cooldown, slowed, very slow
A: horns 2, retaliatory headbutt
a: Renounce Religion, Berserk, Trog's Hand


You were on level 3 of the Dungeon.
You worshipped Trog.
Trog was pleased with you.
You visited 1 branch of the dungeon, and saw 3 of its levels.

You collected 97 gold pieces.

Inventory:

Hand Weapons
 a - a +1 mace (weapon)
Missiles
 c - 61 stones (quivered)
 d - 3 poisoned darts
 f - 4 curare-tipped darts
Armour
 b - a +0 animal skin
 l - a +0 ring mail (worn)
Jewellery
 h - an amulet of magic regeneration
Wands
 n - a wand of flame (17)
Scrolls
 i - a scroll of torment {unknown}
 j - a scroll of teleportation
Potions
 e - a potion of might
 g - a potion of magic {unknown}
 k - a potion of cancellation {unknown}


   Skills:
 + Level 4.5 Fighting
 * Level 5.3 Maces & Flails
 + Level 3.6 Armour
 + Level 3.2 Dodging


You had 4 spell levels left.
You didn't know any spells.
Your spell library contained the following spells:

 Spells                   Type           Power      Damage    Failure   Level
 Apportation              Tloc           0%         N/A       65%         1
 Sting                    Tmut/Pois      0%         1d3       65%         1
 Poisonous Vapours        Pois/Air       0%         N/A       78%         2
 Olgreb's Toxic Radiance  Pois           0%         N/A       100%        4
 Alistair's Intoxication  Tmut/Pois      0%         N/A       100%        5


Dungeon Overview and Level Annotations

Branches:
Dungeon (3/15)

Altars:
Qazlal

Shops:
D:2 =

Annotations:
D:3 Jessica


Innate Abilities, Weirdness & Mutations

You have a pair of horns on your head.
You reflexively headbutt those who attack you in melee.


Message History

Pain shoots through your body!
You see here a ring of protection from cold.
You feel your anger nearly subside.
You are no longer berserk.
You are exhausted.
You feel yourself slow down.
You hit Jessica.
Jessica is moderately wounded.
Jessica misses you.
Jessica hits you with a +4 dagger of venom.
You closely miss Jessica.
Jessica is moderately wounded.
Jessica hits you with a +4 dagger of venom.
You are poisoned.
You closely miss Jessica. Your headbutt misses Jessica.
Jessica is moderately wounded.
You feel very sick.
Jessica mumbles some strange words.
Jessica blinks!
You feel sick. Jessica hits you but does no damage.
You are more poisoned.
Jessica gestures wildly.
Jessica hits you with a +4 dagger of venom.
You are lethally poisoned!
There is an open door here.
* * * LOW HITPOINT WARNING * * *
You feel extremely sick.
Jessica mumbles something strange.
You barely miss Jessica.
Jessica is lightly wounded.
* * * LOW HITPOINT WARNING * * *
You feel very sick.
Jessica hits you with a +4 dagger of venom.
* * * LOW HITPOINT WARNING * * *
Jessica hits you with a +4 dagger of venom.
* * * LOW HITPOINT WARNING * * *
You are more poisoned.
Unknown command.
You closely miss Jessica.
Jessica is lightly wounded.
You die...

#. #.... #.# #.#. #
#..## #.. ##.
.....####.###...#
.......#..#.# .# #
#####.....#..##.##.
##?:!##...........<.
#.....#..........#
#...=.@@.#.#.##..#
#.....#..#.......#
##.!!##..#.#....##
#####..##[###..####
..###.###..##..
............##.#
....##.##)###<#
#.##.....†.###.#####
####.#.......#...


You could see Jessica.

Vanquished Creatures
  Natasha (thrice) (D:2)
  4 adders (D:2)
  2 worms (D:2)
  A dart slug (D:1)
  4 endoplasms
  2 giant cockroaches (D:2)
  3 goblins
  4 hobgoblins (D:2)
  2 jackals (D:1)
  3 quokkas
  3 ball pythons (D:1)
  4 bats
  A frilled lizard (D:2)
  6 kobolds
  5 rats
47 creatures vanquished.

Notes
Turn   | Place    | Note
-------+----------+-------------------------------------------
     0 | D:1      | Duder the Minotaur Berserker began the quest for the Orb.
     0 | D:1      | Reached XP level 1. HP: 19/19 MP: 0/0
   482 | D:1      | Reached XP level 2. HP: 17/27 MP: 1/1
   681 | D:1      | Reached skill level 4 in Maces & Flails
   886 | D:1      | Found a faded altar of an unknown god.
  1478 | D:2      | Found Yscha's Jewellery Boutique.
  1527 | D:2      | Reached ** piety under Trog
  1528 | D:2      | Reached XP level 3. HP: 32/33 MP: 2/2
  1669 | D:2      | Noticed Natasha
  1674 | D:2      | Killed Natasha
  1675 | D:2      | Reached XP level 4. HP: 24/40 MP: 3/3
  1764 | D:2      | Noticed Natasha
  1769 | D:2      | Killed Natasha
  1770 | D:2      | Reached skill level 5 in Maces & Flails
  1770 | D:2      | Noticed Natasha
  1783 | D:2      | Killed Natasha
  2083 | D:2      | Reached XP level 5. HP: 47/47 MP: 4/4
  2101 | D:2      | Found a stormy altar of Qazlal.
  2352 | D:3      | Noticed Jessica
  2366 | D:3      | Succumbed to Jessica's poison

Illustrated notes

Levels and vault maps discovered:
D:1:      dpeg_arrival_rooms_b, layout_basic, shapermc_ecumenical_altar_ellora,
          chequers_serial_rivers_large_a, dk_noncrumbling_3,
          chequers_serial_rivers_room_b, minivault_5,
          kennysheep_decorative_pillar
D:2:      layout_rooms, basic_altar, serial_shops, nicolae_lakefront_shop,
          uniq_natasha
D:3:      layout_loops_cross, portal_sewer_entry_c, minmay_door_square,
          hangedman_abyss_or_decor_lesser_grid, kennysheep_jessica_study

Skill      XL: |  1  2  3  4 |
---------------+-------------+-----
Maces & Flails | 4 5 |  5.3
Fighting       | 4 |  4.5
Armour         | 3 |  3.6
Dodging        | 3 |  3.2

Action                   |  1- 3 |  4- 6 || total
-------------------------+-------+-------++-------
Melee: Mace              |    57 |    53 ||   110
       Headbutt          |     9 |     9 ||    18
       Punch             |       |     1 ||     1
Invok: Berserk           |       |     1 ||     1
  Use: Scroll            |     4 |       ||     4
Armor: Animal skin       |     5 |       ||     5
       Ring mail         |     6 |    14 ||    20
Dodge: Dodged            |    34 |    35 ||    69
